 Dungeon Crawl Stone Soup version 0.21.1-1-g345015f (webtiles) character file.

183 shakethe the Skirmisher (level 5, 0/64 HPs)
             Began as a Demonspawn Berserker on Feb 5, 2018.
             Was a Priest of Trog.
             Succumbed to Gorglomux's ghost's poison
             ... on level 3 of the Dungeon.
             The game lasted 00:06:39 (2463 turns).

shakethe the Skirmisher (Demonspawn Berserker)      Turns: 2463, Time: 00:06:40

Health: 0/64       AC: 13    Str: 23    XL:     5   Next: 35%
Magic:  3/5        EV:  8    Int:  8    God:    Trog [***...]
Gold:   139        SH:  0    Dex: 13    Spells: 4/4 levels left

rFire    . . .     SeeInvis .   a - +0 hand axe
rCold    . . .     Gourm    .   (no shield)
rNeg     . . .     Faith    .   d - +0 chain mail
rPois    .         Spirit   +   (helmet restricted)
rElec    .         Reflect  .   (no cloak)
rCorr    .         Harm     .   o - +2 pair of gloves
MR       .....                  (no boots)
Stlth    ..........             l - amulet of regeneration
HPRegen  0.60/turn              (no ring)
MPRegen  0.09/turn              (no ring)

@: berserking (expiring), lethally poisoned (0 -> -29), very quick
A: antennae 1, thin metallic scales 1, magic shield
a: Berserk, Trog's Hand, Burn Spellbooks, Renounce Religion


You were on level 3 of the Dungeon.
You worshipped Trog.
Trog was most pleased with you.
You were very hungry.

You visited 1 branch of the dungeon, and saw 3 of its levels.

You collected 139 gold pieces.

Inventory:

Hand Weapons
 a - a +0 hand axe (weapon)
 g - a +0 club
 k - a cursed +0 whip
Armour
 b - a +0 animal skin
 d - a +0 chain mail (worn)
 o - a +2 pair of gloves (worn)
Jewellery
 l - an amulet of regeneration (around neck)
 t - a cursed amulet of inaccuracy {unknown}
Scrolls
 h - 5 scrolls of identify {unknown}
 j - a scroll of blinking {unknown}
 m - 2 scrolls of teleportation {unknown}
 n - a scroll of magic mapping {unknown}
 p - a scroll of fog {unknown}
 r - a scroll of fear {unknown}
 s - 2 scrolls of amnesia {unknown}
 w - a scroll of immolation {unknown}
Potions
 e - a potion of flight {unknown}
 f - 2 potions of berserk rage {unknown}
 i - 2 potions of heal wounds {unknown}
 q - 3 potions of mutation {unknown}
 v - 2 potions of curing {unknown}
Comestibles
 c - 9 rations


   Skills:
 + Level 4.6 Fighting
 * Level 4.3 Axes
 + Level 2.1 Armour
 - Level 1.7 Dodging


You had 4 spell levels left.
You didn't know any spells.

Dungeon Overview and Level Annotations

Branches:
Dungeon (3/15)

Altars:
Cheibriados
Dithmenos
Makhleb
Qazlal
Xom
Yredelemnul


Innate Abilities, Weirdness & Mutations

You have a pair of small antennae on your head.
You are partially covered in thin metallic scales. (AC +2)
When hurt, damage is shared between your health and your magic reserves.


Message History

Gorglomux's ghost hits you but does no damage.
You miss Gorglomux's ghost.
Gorglomux's ghost is almost destroyed.
* * * LOW HITPOINT WARNING * * *
You feel very sick.
You closely miss Gorglomux's ghost.
Gorglomux's ghost is almost destroyed.
* * * LOW HITPOINT WARNING * * *
You feel very sick. Gorglomux's ghost barely misses you.
You are too berserk!
You slash Gorglomux's ghost!
You destroy Gorglomux's ghost!
Trog accepts your kill.
Your Armour skill increases to level 2!
You have reached level 5!
* * * LOW HITPOINT WARNING * * *
You feel sick.
You are too berserk!
You die...

#.#.#<######.######.#
#.....## #.# #.#
#.#....#####.# #.#
#....#.......# #..
###.#....####### ###
..).....## #####
.####.#.# #.... #
#.#.# #.### #.@.#
#..)# #...# ......
####>... #.#### #.#
#.#


There were no monsters in sight!

Vanquished Creatures
  The ghost of Gorglomux the Ducker, an amateur SpFi (D:3)
  4 adders (D:2)
  2 worms
  4 leopard geckos
  2 orcs (D:3)
  4 giant cockroaches
  9 goblins
  8 hobgoblins
  6 jackals
  2 quokkas (D:3)
  2 ball pythons
  6 bats
  A frilled lizard (D:2)
  7 kobolds
  9 rats
67 creatures vanquished.

Notes
Turn   | Place    | Note
-------+----------+-------------------------------------------
     0 | D:1      | shakethe the Demonspawn Berserker began the quest for the Orb.
     0 | D:1      | Reached XP level 1. HP: 18/18 MP: 1/1
   181 | D:1      | Gained mutation: When hurt, damage is shared between your health and your magic reserves. [demonic ancestry]
   181 | D:1      | Reached XP level 2. HP: 22/24 MP: 2/2
   703 | D:2      | Found a snail-covered altar of Cheibriados.
   722 | D:2      | Gained mutation: You have a pair of small antennae on your head. [demonic ancestry]
   722 | D:2      | Reached XP level 3. HP: 24/30 MP: 1/3
   818 | D:2      | Found a stormy altar of Qazlal.
   831 | D:2      | Reached ** piety under Trog
  1440 | D:2      | Gained mutation: You are partially covered in thin metallic scales. (AC +2) [demonic ancestry]
  1440 | D:2      | Reached XP level 4. HP: 37/37 MP: 4/4
  2077 | D:3      | Reached *** piety under Trog
  2117 | D:3      | Found a burning altar of Makhleb.
  2117 | D:3      | Noticed a balrug
  2128 | D:3      | Noticed a ynoxinul
  2128 | D:3      | Noticed an orange demon
  2157 | D:3      | Found a shadowy altar of Dithmenos.
  2157 | D:3      | Found a basalt altar of Yredelemnul.
  2159 | D:3      | Found a shimmering altar of Xom.
  2440 | D:3      | Noticed Gorglomux's ghost (amateur SpFi)
  2462 | D:3      | Killed Gorglomux's ghost
  2462 | D:3      | Reached XP level 5. HP: 4/43 MP: 3/5
  2462 | D:3      | HP: 2/64 [poisoned by Gorglomux's ghost]
  2463 | D:3      | Succumbed to Gorglomux's ghost's poison

Skill      XL: |  1  2  3  4 |
---------------+-------------+-----
Axes           | 3 4 |  4.3
Fighting       | 4 |  4.6
Armour         | 2 |  2.1
Dodging        | |  1.7

Action                   |  1- 3 |  4- 6 || total
-------------------------+-------+-------++-------
Melee: Hand axe          |   168 |   123 ||   291
Invok: Berserk           |     1 |     1 ||     2
  Eat: Chunk             |     3 |     3 ||     6
Armor: Chain mail        |   124 |    77 ||   201
Dodge: Dodged            |    78 |    42 ||   120
